 Dungeon Crawl Stone Soup version 0.27.1-2-g3b301248ec (webtiles) character file.

Game seed: 4361904615386737032

1469 barney the Transmogrifier (level 8, 0/59 HPs)
             Began as a Yellow Draconian Transmuter on Oct 1, 2021.
             Was an Initiate of Vehumet.
             Slain by an orc (4 damage)
             ... on level 6 of the Dungeon.
             The game lasted 00:07:58 (7939 turns).

barney the Transmogrifier (DrTm)                    Turns: 7939, Time: 00:07:59

Health: 0/59       AC:  2    Str: 12    XL:     8   Next: 49%
Magic:  9/11       EV: 19    Int: 16    God:    Vehumet [......]
Gold:   181        SH:  0    Dex: 17    Spells: 5/11 levels left

rFire    . . .     SeeInvis .     - Unarmed
rCold    . . .     Faith    .   (shield currently unavailable)
rNeg     . . .     Spirit   .   (armour unavailable)
rPois    x         Reflect  .   (helmet currently unavailable)
rElec    .         Harm     .   (cloak currently unavailable)
rCorr    .         Rampage  .   (gloves currently unavailable)
Will     .....                  (boots currently unavailable)
Stlth    ++........             (no amulet)
HPRegen  0.19/turn              (no ring)
MPRegen  0.12/turn              (no ring)

@: spider-form (expiring)
A: venomous fangs, (spit acid), AC +6, tiny, unfitting armour, (cold-blooded),
(acid resistance)
a: End Transformation, Renounce Religion


You were on level 6 of the Dungeon.
You worshipped Vehumet.
Vehumet was noncommittal.
You were a venomous arachnid creature.
You visited 2 branches of the dungeon, and saw 7 of its levels.

You collected 181 gold pieces.

Inventory:

Hand Weapons
 b - a +2 short sword of venom
 i - a +2 long sword of holy wrath (melded)
 j - a +5 dagger of venom
Jewellery
 c - an amulet of the acrobat
 s - a +6 ring of strength
Wands
 m - a wand of flame (19)
 p - a wand of mindburst (12)
Scrolls
 a - a scroll of enchant armour
 e - 2 scrolls of vulnerability
Potions
 f - 2 potions of lignification
 k - 2 potions of flight


   Skills:
 - Level 1.1 Fighting
 - Level 1.7 Dodging
 - Level 3.0 Unarmed Combat
 - Level 2.0 Spellcasting
 + Level 10.7 Transmutations


You had 5 spell levels left.
You knew the following spells:

 Your Spells              Type           Power      Damage    Failure   Level
a - Beastly Appendage     Tmut           70%        N/A       2%          1
b - Spider Form           Tmut/Pois      9%         N/A       19%         3
c - Wereblood             Tmut           35%        N/A       3%          2

Your spell library contained the following spells:

 Spells                   Type           Power      Damage    Failure   Level
 Ice Form                 Ice/Tmut       18%        N/A       43%         4


Dungeon Overview and Level Annotations

Branches:
Dungeon (6/15)             Temple (1/1) D:4

Altars:
Ashenzari
Elyvilon
Fedhas
Gozag
Hepliaklqana
Kikubaaqudgha
Makhleb
Nemelex Xobeh
Okawaru
Ru
Sif Muna
Trog
Uskayaw
Vehumet
Wu Jian
Xom


Innate Abilities, Weirdness & Mutations

You are a venomous arachnid creature.
You have poisonous fangs.
You are tiny and dextrous.
Your spellcasting is less reliable in this form.
Your armour is entirely melded.
You are incapable of wielding weapons or throwing items.
((You can spit globs of acid.))
((Your golden yellow scales are hard. (AC +6)))
You cannot fit into any form of body armour.
((You are cold-blooded and may be slowed by cold attacks.))
((You are resistant to acid. (rCorr)))


Message History

You hit the orc warrior but do no damage.
The orc warrior looks as sick as possible!
The orc warrior is lightly wounded.
An orc comes into view. It is wielding a +0 short sword.
The orc warrior closely misses you.
Okay, then.
The orc shouts!
You hit the orc warrior but do no damage.
The orc warrior looks as sick as possible!
The orc warrior is lightly wounded.
The orc hits you with a +0 dagger. The orc warrior completely misses you.
You hit the orc warrior but do no damage.
The orc warrior looks as sick as possible!
The orc warrior is moderately wounded.
The orc misses you. The orc warrior misses you.
You hit the orc warrior but do no damage.
The orc warrior looks as sick as possible!
The orc warrior is moderately wounded.
The orc hits you with a +0 dagger. The orc warrior closely misses you.
You hit the orc warrior.
The orc warrior looks as sick as possible!
The orc warrior is heavily wounded.
The orc hits you with a +0 short sword. The orc completely misses you.
The orc warrior misses you.
You hit the orc warrior.
The orc warrior is severely wounded.
Your transformation is almost over.
The orc barely misses you. The orc hits you with a +0 dagger.
The orc warrior hits you with a +0 battleaxe!
* * * LOW HITPOINT WARNING * * *
You hit the orc warrior but do no damage.
The orc warrior is severely wounded.
The orc misses you. The orc barely misses you. The orc warrior misses you.
You hit the orc warrior.
The orc warrior looks as sick as possible!
The orc warrior is almost dead.
You kill the orc warrior!
Vehumet accepts your kill. The orc barely misses you.
The orc hits you with a +0 dagger.
You die...

............#
#........#### ..
.........# ..# ..........
##.... .....n..... #....#
## ...........
#.##.###.###
..##......####......#...##
...#...o)o........#
........s†........#
.#...............#
#...#..........# ....
#.#.......##
...............##
....#..#.##..... .. #.#
.##..... .. .....### ...
.##...


You could see 2 orcs.

Vanquished Creatures
  An ice beast (D:5)
  An orc warrior (D:6)
  3 necrophages
  2 ogres (D:5)
  A black bear (D:5)
  A phantom (D:5)
  2 scorpions
  A water moccasin skeleton (D:5)
  3 howler monkeys (D:5)
  4 bullfrog skeletons (D:5)
  A hound (D:5)
  A centaur skeleton (D:5)
  Ijyb (D:4)
  An orc wizard (D:4)
  A hound zombie (D:5)
  Robin (D:3)
  6 gnolls
  9 adders
  A white imp (D:3)
  2 worms (D:2)
  3 dart slugs
  6 orcs
  8 ball pythons
  5 endoplasms
  13 goblins
  10 hobgoblins
  6 jackals
  11 kobolds
  3 quokkas
  3 bats
  3 frilled lizards
  5 rats
119 creatures vanquished.

Notes
Turn   | Place    | Note
-------+----------+-------------------------------------------
     0 | D:1      | barney the Draconian Transmuter began the quest for the
                  | Orb.
     0 | D:1      | Reached XP level 1. HP: 16/16 MP: 3/3
   484 | D:1      | Found a faded altar of an unknown god.
   517 | D:1      | Reached XP level 2. HP: 23/23 MP: 3/5
   721 | D:1      | Reached skill level 3 in Transmutations
  1343 | D:2      | Reached XP level 3. HP: 25/28 MP: 6/6
  1347 | D:2      | Learned a level 3 spell: Spider Form
  1350 | D:2      | Learned a level 2 spell: Wereblood
  1909 | D:2      | Reached skill level 4 in Transmutations
  2261 | D:2      | Reached XP level 4. HP: 24/35 MP: 7/7
  2967 | D:3      | Noticed Robin
  2977 | D:3      | Killed Robin
  2992 | D:3      | Reached skill level 5 in Transmutations
  3725 | D:3      | Reached XP level 5. HP: 32/40 MP: 8/8
  4426 | D:4      | Reached skill level 6 in Transmutations
  4539 | D:4      | Found a staircase to the Ecumenical Temple.
  4628 | D:4      | Noticed Ijyb
  4638 | D:4      | Killed Ijyb
  4639 | D:4      | Reached XP level 6. HP: 47/47 MP: 5/9
  4778 | D:4      | Found a large runed translucent door.
  4778 | D:4      | Found a large runed translucent door.
  4786 | D:4      | Found a shimmering altar of Xom.
  4966 | D:4      | Found a radiant altar of Vehumet.
  5137 | D:4      | Became a worshipper of Vehumet
  6105 | Temple   | Entered the Ecumenical Temple
  6362 | D:5      | Entered Level 5 of the Dungeon
  6386 | D:5      | Reached skill level 7 in Transmutations
  6479 | D:5      | Noticed a wraith
  6523 | D:5      | Your scales start taking on a golden yellow colour.
  6523 | D:5      | Reached XP level 7. HP: 10/52 MP: 1/10
  6523 | D:5      | Gained mutation: You are resistant to acid. (rCorr) [Yellow
                  | Draconian growth]
  6538 | D:5      | Reached skill level 8 in Transmutations
  7109 | D:5      | Reached skill level 9 in Transmutations
  7370 | D:5      | Reached XP level 8. HP: 49/59 MP: 8/11
  7585 | D:5      | Reached skill level 10 in Transmutations
  7845 | D:5      | Found a shimmering blue altar of Sif Muna.
  7845 | D:5      | You fall into a shaft and drop 1 floor!
  7939 | D:6      | Slain by an orc

Illustrated notes

Levels and vault maps discovered:
D:1:      dpeg_arrival_round_b, layout_loops_ring,
          hellmonk_ecumenical_altar_arch_garden
D:2:      minmay_chambers_of_ones, layout_loops_corners
D:3:      layout_basic, uniq_robin
D:4:      due_chaos_kobolds, layout_loops_cross, lemuel_doored_altar,
          minmay_temple_entry_overgrown, chequers_garden, uniq_ijyb
D:5:      kennysheep_six_static_rooms, layout_basic, led_sif_pool,
          minmay_fractal_squares_5
D:6:      layout_cave_pools, mainiacjoe_overflow_six_doors_small
Temple:   dpeg_chambers_temple

Skill      XL: |  1  2  3  4  5  6  7  8 |
---------------+-------------------------+-----
Transmutations | 3 4 5 6 7 9 10 | 10.7
Fighting       | |  1.1
Dodging        | |  1.7
Unarmed Combat | |  3.0
Spellcasting   | |  2.0

Action                   |  1- 3 |  4- 6 |  7- 9 || total
-------------------------+-------+-------+-------++-------
Melee: Unarmed           |    44 |    82 |    72 ||   198
       Headbutt          |     7 |     3 |     4 ||    14
       Tailslap          |     9 |    12 |     3 ||    24
       Kick              |     7 |    10 |    11 ||    28
       Short sword       |    47 |    32 |       ||    79
       Punch             |     4 |       |       ||     4
       Dagger            |       |    63 |       ||    63
       Long sword        |       |     5 |    20 ||    25
 Cast: Beastly Appendage |    15 |    10 |     5 ||    30
       Spider Form       |       |    11 |     7 ||    18
       Wereblood         |       |     4 |       ||     4
 Abil: Breathe Acid      |       |       |     2 ||     2
  Use: Potion            |     1 |     7 |       ||     8
       Scroll            |       |     9 |     5 ||    14
 Stab: Sleeping          |     1 |     2 |       ||     3
Armor: Skin              |    20 |    34 |     9 ||    63
Dodge: Dodged            |    52 |   120 |    95 ||   267
       Rpst.: Long sword |       |     2 |    10 ||    12
